 Dungeon Crawl Stone Soup version 0.16-a0-4004-g8d6611c (webtiles) character file.

200 PolkaDot the Vexing (level 5, -11/35 HPs)
             Began as a Vampire Enchanter on Feb 14, 2015.
             Was an Initiate of Gozag.
             Mangled by inmateoo's ghost (13 damage)
             ... on level 4 of the Dungeon.
             The game lasted 00:15:13 (4136 turns).

PolkaDot the Vexing (Vampire Enchanter)             Turns: 4136, Time: 00:15:13

Health: -11/35     AC:  3    Str:  7    XL:     5   Next: 48%
Magic:  5/9        EV: 12    Int: 23    God:    Gozag
Gold:   325        SH:  0    Dex: 16    Spells: 3 memorised, 2 levels left

rFire  . . .     SeeInvis +     j - +0 short sword (speed)
rCold  + + .     Clarity  .     d - +0 leather armour
rNeg   + + +     SustAb   .     (no shield)
rPois  ∞         Gourm    .     (helmet restricted)
rElec  .         Spirit   .     (no cloak)
rCorr  .         Warding  .     (no gloves)
rMut   .         Stasis   .     (no boots)
MR     .....                    (no amulet)
Stlth  ++++......               (no ring)
                                (no ring)

@: brilliant, flying, bloodless, non-regenerating, not resistant to hostile
enchantments, stealthy
A: bottle blood, fangs 3, horns 1, see invisible, agile 1, berserk 1,
unbreathing
a: Bat Form, Potion Petition, Call Merchant, Bribe Branch, Renounce Religion


You were on level 4 of the Dungeon.
You worshipped Gozag.
Gozag was noncommittal.
You were bloodless.

You visited 1 branch of the dungeon, and saw 4 of its levels.

You collected 423 gold pieces.
You paid 98 gold pieces to Gozag.

Inventory:

Hand weapons
 j - a +0 short sword of speed (weapon)
Armour
 d - a +0 leather armour (worn)
 m - the +1 helmet of Xeackeuh {Str+3 Stlth+}
   (You took it off Robin on level 3 of the Dungeon)

   It affects your strength (+3).
   It makes you more stealthy.
Scrolls
 a - a scroll of remove curse
 b - a scroll of recharging {unknown}
 e - a scroll of fear {unknown}
 g - a scroll of amnesia {unknown}
 n - a scroll of fog {unknown}
 o - a scroll of enchant weapon {unknown}
Potions
 f - 3 potions of curing
 h - a potion of cancellation
 k - a potion of heal wounds
Books
 c - a book of Maledictions

   Spells                             Type                      Level
   a - Corona                         Hexes                        1
   b - Sure Blade                     Hexes/Charms                 2
   c - Ensorcelled Hibernation        Hexes/Ice                    2
   d - Confuse                        Hexes                        3
   e - Dazzling Spray                 Conjuration/Hexes            3
   f - Enslavement                    Hexes                        4


   Skills:
 + Level 2.9 Short Blades
 - Level 2.1 Dodging
 + Level 6.0 Stealth
 - Level 2.0 Spellcasting
 * Level 6.8 Hexes
 - Level 1.4 Ice Magic


You had 2 spell levels left.
You knew the following spells:

 Your Spells              Type           Power        Failure   Level  Hunger
a - Corona                Hex            #####..      1%          1    #......
c - Confuse               Hex            #####...     1%          3    ###....
d - Ensorcelled Hibernat  Hex/Ice        #####.       1%          2    ##.....


Dungeon Overview and Level Annotations

Branches:
Dungeon (4/15)
 Temple: D:4-7

Altars:
Gozag
Nemelex Xobeh
Zin

Annotations:
D:4 inmateoo's ghost, weakling HOFi


Innate Abilities, Weirdness & Mutations

You do not heal naturally.
You can bottle blood from corpses.
You have razor-sharp teeth.
You have supernaturally acute eyesight.
You can survive without breathing.
You have a pair of small horns on your head.
You are agile. (Dex +2)
You tend to lose your temper in combat.


Message History

You bite inmateoo's ghost, but do no damage.
Inmateoo's ghost is lightly damaged.
The phantom blinks!
You hit inmateoo's ghost.
Inmateoo's ghost is lightly damaged.
Inmateoo's ghost hits you!
* * * LOW HITPOINT WARNING * * *
You completely miss inmateoo's ghost.
Inmateoo's ghost is lightly damaged.
Inmateoo's ghost hits you!
* * * LOW HITPOINT WARNING * * *
The phantom blinks!
The phantom blinks!
The phantom blinks!
Use which ability? (? or * to list)
You fail to use your ability.
Inmateoo's ghost says very slowly, "There's no hope."
Inmateoo's ghost hits you!
You die...
Your body crumbles into a pile of gold.

###.##.. ##.#.#...
##........
#.###########.).......
#....).....W..........
#####.#######.....)..>
########## #.# ####...#....
.........# #W# #.....###...
########.# #@# #.###.###...
#.###.#####.###.......
#######............##.###.##
#...........#####.###.# #.#
#.########### ### #.# #.#
#.# #.# #.# #.# #.# #.# #.#
#.# #.# #.# #.# #.#


You could see inmateoo's ghost.

Vanquished Creatures
  Robin (D:3)
  7 adders
  3 giant mites
  4 giant geckos
  An ooze (D:3)
  4 orcs (D:4)
  A ball python (D:4)
  5 giant cockroaches
  15 goblins
  14 hobgoblins
  8 kobolds
  10 bats
  6 giant newts
  4 jackals (D:4)
  12 rats
95 creatures vanquished.

Notes
Turn   | Place    | Note
--------------------------------------------------------------
     0 | D:1      | PolkaDot, the Vampire Enchanter, began the quest for the Orb.
     0 | D:1      | Reached XP level 1. HP: 13/13 MP: 3/3
     6 | D:1      | Noticed a wyvern
    46 | D:1      | Noticed a killer bee
    46 | D:1      | Noticed a polar bear
   209 | D:1      | Reached XP level 2. HP: 11/19 MP: 0/4
   313 | D:1      | Learned a level 2 spell: Ensorcelled Hibernation
   567 | D:1      | Reached skill level 5 in Hexes
  1212 | D:2      | Reached XP level 3. HP: 24/24 MP: 3/6
  1271 | D:2      | Found a glowing silver altar of Zin.
  1425 | D:1      | Reached skill level 1 in Ice Magic
  1637 | D:2      | Reached skill level 5 in Stealth
  1646 | D:2      | Reached XP level 4. HP: 22/30 MP: 1/7
  2379 | D:3      | Found an opulent altar of Gozag.
  2379 | D:3      | Found a sparkling altar of Nemelex Xobeh.
  2450 | D:3      | Became a worshipper of Gozag Ym Sagoz the Greedy
  2704 | D:3      | Learned a level 3 spell: Confuse
  2955 | D:3      | Reached skill level 6 in Hexes
  3058 | D:3      | Noticed Robin
  3071 | D:3      | Reached XP level 5. HP: 28/35 MP: 9/9
  3097 | D:3      | Killed Robin
  3125 | D:3      | Got a crude helmet
  3136 | D:3      | Identified the +1 helmet of Xeackeuh {Str+3 Stlth+} (You took it off Robin on level 3 of the Dungeon)
  4034 | D:4      | Noticed a phantom
  4058 | D:4      | Noticed a phantom
  4089 | D:4      | Noticed inmateoo's ghost (weakling HOFi)
  4097 | D:4      | Gained mutation: You have a pair of small horns on your head. [potion of mutation]
  4097 | D:4      | Gained mutation: You are agile. (Dex +2) [potion of mutation]
  4097 | D:4      | Gained mutation: You tend to lose your temper in combat. [potion of mutation]
  4136 | D:4      | Mangled by inmateoo's ghost

Action                   |  1- 3 |  4- 6 || total
-------------------------+-------+-------++-------
Melee: Dagger            |    82 |    32 ||   114
       Short sword       |       |   127 ||   127
 Cast: Corona            |     7 |       ||     7
       Ensorcelled Hiber |    20 |    34 ||    54
       Confuse           |       |     4 ||     4
  Use: Potion            |     1 |     3 ||     4
       Scroll            |       |     3 ||     3
 Stab: Sleeping          |    19 |    33 ||    52
